 Dungeon Crawl Stone Soup version 0.30-a0-335-ge5acde7520 (webtiles) character file.

Game seed: 7963775694871890557

130 hikkokomori the Chiller (level 4, -1/33 HPs)
             Began as a Demigod Ice Elementalist on Oct 30, 2022.
             Slain by a gnoll
             ... wielding a +0 flail
              (5 damage)
             ... on level 3 of the Dungeon.
             The game lasted 00:02:51 (2953 turns).

hikkokomori the Chiller (Demigod Ice Elementalist)  Turns: 2953, Time: 00:02:52

Health: -1/33      AC:  5    Str:  9    XL:     4   Next: 59%
Magic:  4/11       EV: 12    Int: 21    God:
Gold:   60         SH:  0    Dex: 14    Spells: 8/9 levels left

rFire   . . .      SeeInvis .    c - +0 dagger
rCold   . . .      Faith    .    (no shield)
rNeg    . . .      Spirit   .    a - +0 robe
rPois   .          Reflect  .    q - +0 helmet
rElec   .          Harm     .    s - +0 cloak
rCorr   .          Rampage  .    t - +0 pair of gloves
Will    .....                    (no boots)
Stlth   ++........               (no amulet)
HPRegen 0.25/turn                (no ring)
MPRegen 0.12/turn                (no ring)

@: no status effects
A: high MP 1, forlorn, divine attributes
a: no special abilities


You were on level 3 of the Dungeon.
You visited 1 branch of the dungeon, and saw 3 of its levels.

You collected 60 gold pieces.

Inventory:

Hand Weapons
 c - a +0 dagger (weapon)
Missiles
 d - 2 boomerangs
Armour
 a - a +0 robe (worn)
 q - a +0 helmet (worn)
 s - a +0 cloak (worn)
 t - a +0 pair of gloves (worn)
Jewellery
 f - a ring of fire
Wands
 p - a wand of iceblast (8)
Scrolls
 e - 5 scrolls of identify {unknown}
 g - a scroll of fear {unknown}
 h - 4 scrolls of teleportation {unknown}
 i - 2 scrolls of poison {unknown}
 k - 2 scrolls of blinking {unknown}
 n - 2 scrolls of enchant armour {unknown}
 o - a scroll of silence {unknown}
 r - a scroll of immolation {unknown}
Potions
 b - a potion of magic
 j - a potion of haste
 l - a potion of mutation {unknown}
 m - a potion of berserk rage {unknown}
 u - 2 potions of ambrosia {unknown}


   Skills:
 - Level 2.0 Dodging
 - Level 2.0 Stealth
 + Level 3.1 Spellcasting
 + Level 4.6 Ice Magic


You had 8 spell levels left.
You knew the following spells:

 Your Spells              Type           Power      Damage    Failure   Level
a - Freeze                Ice            92%        1d9       1%          1

Your spell library contained the following spells:

 Spells                   Type           Power      Damage    Failure   Level
 Frozen Ramparts          Ice            46%        1d7       6%          3
 Ozocubu's Armour         Ice            23%        N/A       6%          3
 Ensorcelled Hibernation  Hex/Ice        26%        N/A       8%          2
 Passwall                 Tmut/Erth      2%         N/A       21%         2
 Swiftness                Air            3%         N/A       36%         3
 Ice Form                 Ice/Tmut       13%        N/A       45%         4
 Summon Ice Beast         Ice/Summ       13%        N/A       45%         4
 Metabolic Englaciation   Hex/Ice        6%         N/A       80%         5
 Simulacrum               Ice/Necr       6%         N/A       100%        6


Dungeon Overview and Level Annotations

Branches:
Dungeon (3/15)

Annotations:
D:2 1 runed translucent door, Crazy Yiuf


Innate Abilities, Weirdness & Mutations

You have an increased reservoir of magic. (+10% MP)
You shall have no god before yourself.
Your divine heritage dramatically boosts your attributes as you level up.


Message History

You barely miss the gnoll.
The gnoll is heavily wounded.
The gnoll hits you but does no damage.
You freeze the gnoll.
The gnoll is severely wounded.
The gnoll barely misses you.
You freeze the gnoll!
You kill the gnoll!
You hit the gnoll.
The gnoll is moderately wounded.
The gnoll barely misses you.
You freeze the gnoll.
The gnoll is severely wounded.
The gnoll barely misses you.
You freeze the gnoll.
The gnoll is almost dead.
The gnoll hits you with a +0 flail!
You barely miss the gnoll.
The gnoll is almost dead.
The gnoll hits you with a +0 flail.
You are too injured to fight recklessly!
You are too injured to fight recklessly!
You are too injured to fight recklessly!
You are too injured to fight recklessly!
You are too injured to fight recklessly!
You are too injured to fight recklessly!
You hit the gnoll but do no damage.
The gnoll is almost dead.
The gnoll hits you but does no damage.
You barely miss the gnoll.
The gnoll is almost dead.
The gnoll misses you.
You closely miss the gnoll.
The gnoll is almost dead.
The gnoll hits you with a +0 flail!
* * * LOW HITPOINT WARNING * * *
You barely miss the gnoll.
The gnoll is almost dead.
The gnoll hits you with a +0 flail.
You die...

##### #...##
###.#<.##########
#...............#
#.##............#
#...............#
.########.#........####
....).g@............>###
..############..........
....................
#######.#.##........
#...##.#)......[...
.####+#....###.........
...........# #..#......
.......[...# #..#......
...........# #..#......


You could see a gnoll.

Vanquished Creatures
  An orc wizard (D:3)
  2 gnolls (D:3)
  3 adders (D:2)
  A worm (D:2)
  2 dart slugs (D:1)
  3 orcs (D:3)
  4 bats
  4 endoplasms
  A giant cockroach (D:2)
  2 goblins
  6 hobgoblins
  3 jackals (D:2)
  2 quokkas (D:1)
  2 ball pythons
  8 frilled lizards (D:2)
  4 kobolds
  3 rats
51 creatures vanquished.

Vanquished Creatures (others)
  4 plants (D:2)
4 creatures vanquished.

Grand Total: 55 creatures vanquished

Notes
Turn   | Place    | Note
-------+----------+-------------------------------------------
     0 | D:1      | hikkokomori the Demigod Ice Elementalist began the quest
                  | for the Orb.
     0 | D:1      | Reached XP level 1. HP: 14/14 MP: 5/5
   448 | D:1      | Reached XP level 2. HP: 16/20 MP: 5/7
  1240 | D:2      | Reached skill level 4 in Ice Magic
  1296 | D:2      | Reached XP level 3. HP: 25/26 MP: 5/9
  1917 | D:2      | Found a runed translucent door.
  1918 | D:2      | Noticed Crazy Yiuf
  2557 | D:3      | Reached XP level 4. HP: 26/33 MP: 7/11
  2953 | D:3      | Slain by a gnoll

Illustrated notes

Levels and vault maps discovered:
D:1:      minmay_arrival_four_circles, layout_basic
D:2:      layout_loops_ring, basic_altar, minmay_misc_feat_columns,
          minmay_lizard_king, uniq_crazy_yiuf_cottage
D:3:      layout_basic, mainiacjoe_overflow_concentric_impassable,
          nicolae_figureground_sparkle

Skill      XL: |  1  2  3  4 |
---------------+-------------+-----
Stealth        | 2 |  2.0
Dodging        | 2 |  2.0
Spellcasting   | 2 3 |  3.1
Ice Magic      | 4 |  4.6

Action                   |  1- 3 |  4- 6 || total
-------------------------+-------+-------++-------
Melee: Dagger            |    49 |    30 ||    79
       Punch             |     1 |       ||     1
 Cast: Freeze            |    66 |    17 ||    83
  Use: Potion            |       |     1 ||     1
Armor: Robe              |    25 |    12 ||    37
Dodge: Dodged            |    74 |    10 ||    84

Table legend: (Time is in decaauts)
 A = Elapsed time spent in this place.
 B = Non-inter-level travel time spent in this place.
 C = Inter-level travel time spent in this place.
 D = Time resting spent in this place.
 E = Time spent auto-exploring this place.
 F = Levels seen in this place.
 G = Mean time per level.
                   A        B        C        D        E       F      G
               +--------+--------+--------+--------+--------+-----+--------+
         Total |   2939 |   2803 |    136 |      0 |   2428 |   3 |  979.7 |
       Dungeon |   2939 |   2803 |    136 |      0 |   2428 |   3 |  979.7 |
               +--------+--------+--------+--------+--------+-----+--------+

Top non-repeatable levels by time:
     D:2: 1294 daAuts
     D:1: 1203 daAuts
     D:3: 441 daAuts
